[Event "21st Open Gran Hotel Bali-A 2024"]
[Site "Benidorm"]
[Date "2024.11.29"]
[Round "1.13"]
[White "Tudela Gonzalez, Victor"]
[Black "Cruz Lledo, Pablo"]
[Result "0-1"]
[ECO "D20"]
[WhiteElo "2041"]
[BlackElo "2411"]
[Annotator "TA"]
[PlyCount "108"]
[EventDate "2024.11.26"]
[EventType "swiss"]
[EventCountry "ESP"]
[SourceTitle "playchess.com"]
[Source "ChessBase"]
[SourceQuality "1"]
[TimeControl "5400+30"]

1. d4 d5 2. c4 dxc4 3. e4 b5 4. a4 c6 5. axb5 cxb5 6. Nc3 Qb6 7. Nd5 Qb7 8. Bf4 e5 9. Bxe5 Nd7 10. Bg3 Ngf6 11. Nc7+ Kd8 12. f3 Bb4+ 13. Kf2 Nxe4+ 14. fxe4 Nf6 15. Nf3 Nxe4+ 16. Kg1 Nxg3 17. Nxa8 Nxh1 18. Ne5 a5 19. Qf3 $2 (19. d5 $1 $18 Ng3 (19... Nf2 $2 20. Qd4 $18) 20. hxg3 Ke8) 19... f6 $2 (19... Qxf3 $11 {and Black stays safe.} 20. gxf3 Rf8) 20. Nc6+ $18 (20. Kxh1 $2 fxe5 21. Qe3 Qxa8 $19) 20... Kd7 $2 (20... Ke8 21. Qh5+ (21. Nxa5 Qxf3 22. gxf3 Kd7 $16) 21... g6) 21. Nxb4 $2 (21. Nxa5 Qxf3 22. gxf3 Kd6 $14) (21. Qd5+ $18 Ke8 22. Nxb4 (22. Kxh1 Qxa8 23. Nxb4 Qxd5 $18) 22... Qxd5 23. Nc7+ (23. Nxd5 Kd7 $18) 23... Kd7 24. Nbxd5) 21... Qxf3 $11 22. gxf3 axb4 23. Nb6+ (23. Kxh1 Bb7 (23... Kc6 24. Bg2 $11) 24. Ra7 (24. Nb6+ Kc7 $17) 24... Rb8) 23... Kc6 24. Nxc8 Rxc8 25. Kxh1 Kd5 26. Kg1 (26. Kg2 $15) 26... b3 (26... Kxd4 $6 27. Kf2 $11) (26... c3 $1 $17 27. bxc3 (27. Bxb5 $2 cxb2 28. Rf1 Kxd4 $19) 27... bxc3 28. Bxb5 c2 (28... Kxd4 29. Rd1+ Ke3 30. Re1+ Kxf3 31. Bd3 $11)) 27. Kf2 b4 (27... Kxd4 $11 28. Bh3 Rc7) 28. Bh3 Rc7 29. Ra5+ Kxd4 30. Rb5 Kd3 31. Bf5+ (31. Rxb4 $5 Kc2 $8 32. Be6 Kxb2 33. Rxc4 (33. Bxc4 Kc3 $14) 33... Rxc4 34. Bxc4 $16) 31... Kd2 32. Rxb4 (32. Bxh7 Kc1 33. Rxb4 Kxb2 $17) 32... Kc1 $1 33. Be6 (33. Bxh7 Kxb2 34. Bg8 Kc3 $17) 33... c3 34. bxc3 (34. Rxb3 cxb2 35. Bf5 Rc5) 34... b2 35. Bf5 g6 (35... Rxc3 36. Bxh7 Rc2+ 37. Bxc2 Kxc2 38. Ke3 $18 (38. Rc4+ Kb3 $16)) 36. Be4 Rxc3 (36... f5 $5 37. Bd3 Rxc3 $11) 37. Ke2 $1 f5 38. Bd3 Rc2+ (38... Rxd3 $6 39. Rc4+ $16) 39. Bxc2 Kxc2 40. Ke3 b1=Q (40... b1=B $2 {perishes.} 41. Rb7 $18) 41. Rxb1 Kxb1 42. Kf4 Kc2 (42... Kc1 $5 43. Kg5 $8 Kd2 $11) 43. Kg5 Kd3 (43... Kd2 $5 44. Kh6 $8 Ke3 45. Kxh7 g5 $11 (45... Kxf3 46. Kxg6 f4 47. h4 $11)) 44. h4 $2 (44. Kh6 $11) 44... Ke3 45. Kh6 Kf4 $1 (45... Kxf3 46. Kxh7 f4 47. Kxg6 $11) 46. Kxh7 g5 (46... Kxf3 47. Kxg6 f4 48. h5 $11) 47. h5 {[%emt 0:00:39] [#]} g4 $1 (47... Kxf3 48. h6 g4 49. Kg6 $11) 48. fxg4 fxg4 49. h6 {[%emt 0:00:01] [#]} g3 $1 50. Kg8 g2 51. h7 g1=Q+ ({Not} 51... g1=R+ 52. Kf8 Rh1 53. Kg8 $11) 52. Kh8 Kg5 53. Kg7 Qa1+ 54. Kg8 Kg6 0-1

[Event "21st Open Gran Hotel Bali-A 2024"]
[Site "Benidorm"]
[Date "2024.11.29"]
[Round "1.14"]
[White "Domingo Nunez, Ruben"]
[Black "Alonso Valiente, Alexis"]
[Result "1-0"]
[ECO "B50"]
[WhiteElo "2409"]
[BlackElo "2037"]
[Annotator "TA"]
[PlyCount "183"]
[EventDate "2024.11.26"]
[EventType "swiss"]
[EventCountry "ESP"]
[SourceTitle "playchess.com"]
[Source "ChessBase"]
[SourceQuality "1"]
[TimeControl "5400+30"]

1. e4 c5 2. Nf3 d6 3. c3 Nf6 4. Be2 g6 5. O-O Bg7 6. Re1 O-O 7. Bf1 Nc6 8. a3 h6 9. h3 e5 10. b4 a6 11. Bb2 Re8 12. d3 Be6 13. Nbd2 b5 14. Nb3 Qb6 15. Bc1 cxb4 16. Be3 Qc7 17. axb4 a5 18. d4 Nxe4 19. Rc1 Bc4 20. d5 a4 21. Bxc4 bxc4 22. Nbd2 Nxd2 23. Qxd2 Ne7 24. Bxh6 Bh8 25. Bg5 Qb7 26. Bxe7 Qxe7 27. Nd4 Qb7 28. Nc6 Ra6 29. h4 Bg7 30. h5 gxh5 31. Qg5 Rxc6 32. dxc6 Qxc6 33. Re3 h4 34. Qxh4 d5 35. Rg3 Kf8 36. b5 Qh6 37. Qxh6 Bxh6 38. Ra1 Ra8 39. Rh3 Kg7 40. Rh5 f6 41. g3 a3 $2 (41... Bd2 $19 42. b6 Bxc3) 42. b6 Rb8 (42... Kg6 {with more complications.} 43. Rh1 Bd2 44. Kg2 Bxc3 45. b7 Rb8) 43. Rxa3 Rxb6 44. Kg2 Kg6 45. Rh1 Bf8 (45... Rb2 $11) 46. Ra5 d4 47. Rh4 Rd6 (47... Rc6 $11) 48. Ra8 Be7 49. Ra4 ({White should try} 49. Rc8 $14 d3 50. Rh1 (50. Rcxc4 $2 d2 $19)) 49... d3 $11 (49... f5 $6 50. Rh1 $16) 50. Rh1 (50. Rhxc4 d2 51. Ra1 (51. Rg4+ $2 Kf5 $19) 51... d1=Q $19 (51... d1=B $2 52. f4 $19)) 50... Rc6 51. Kf3 f5 52. Rha1 Kg5 53. Ra5 $2 (53. Kg2 $11 {and White is okay.}) 53... e4+ $1 $19 54. Kg2 Bf6 55. R5a3 Rd6 $2 (55... f4 $1 $19 56. Ra5+ Kg6 (56... Kg4 57. Rd5 $17) 57. gxf4 Bxc3 58. Rg5+ Kf7 59. Ra7+ Ke6 60. f5+ Ke5) 56. Kf1 $2 (56. Rb1 $1 $15) 56... Kg4 57. Kg2 d2 $2 (57... f4 $19 58. gxf4 Kxf4) 58. Rd1 $15 Rd3 59. Ra4 Bxc3 60. Rxc4 Ba5 61. Rc8 Kg5 62. Rg8+ Kf6 63. Ra8 Bb4 64. Kf1 Ke5 65. Ke2 Kf6 66. Rb1 Ba3 (66... Bc5 $11) 67. Kd1 (67. Rb6+ $14 Bd6 68. Kd1) 67... Bc5 $1 $11 68. Ke2 Bxf2 69. g4 fxg4 $2 ({Black should play} 69... f4 $11 70. Re8 Be3 71. Rxe4 Rd8) 70. Rf8+ $16 (70. Kxf2 d1=Q (70... d1=B 71. Rb6+ Ke5 72. Rb5+ Kd4 73. Rb4+ Kc5 74. Rxe4 $11) (70... d1=R 71. Rxd1 Rxd1 72. Kg3 $11) 71. Rxd1 Rxd1 $11) 70... Kg5 71. Rxf2 g3 72. Rf8 Kg4 {[%emt 0:00:00] [#]} 73. Re8 ({White must play} 73. Rg8+ $1 Kh3 74. Rh1+ Kg2 75. Rd1) 73... Rd4 74. Rg8+ Kh3 75. Rh8+ Kg4 $1 76. Rd1 g2 $2 {[%emt 0:00:42][%mdl 8192] [#]} (76... Rd6 $14) 77. Kf2 $1 (77. Rxd2 Rxd2+ (77... g1=R $2 {loses.} 78. Rxd4 Kf5 79. Rh5+ Kg6 80. Ra5 $18) (77... g1=N+ 78. Ke3 $11) 78. Kxd2 Kg3 $11 (78... e3+ 79. Ke2 $11)) 77... Rd3 78. Kxg2 e3 79. Kf1 Kf3 80. Rf8+ Ke4 81. Ke2 Ra3 82. Re8+ Kd4 83. Rd8+ Ke4 84. Rc8 Kd4 85. Rb1 Ke4 86. Rb4+ Kd5 87. Rd8+ Ke5 88. Rb5+ Ke4 89. Rb4+ Ke5 90. Re8+ Kd5 91. Rbb8 ({Weaker is} 91. Rxe3 Rxe3+ 92. Kxd2 Re6 $11) 91... Kd4 92. Rbd8+ 1-0

[Event "21st Open Gran Hotel Bali-A 2024"]
[Site "Benidorm"]
[Date "2024.11.29"]
[Round "1.15"]
[White "Vazquez Rodriguez, Jorge"]
[Black "Abergel, Thal"]
[Result "1/2-1/2"]
[ECO "A42"]
[WhiteElo "2037"]
[BlackElo "2408"]
[Annotator "TA"]
[PlyCount "40"]
[EventDate "2024.11.26"]
[EventType "swiss"]
[EventCountry "ESP"]
[SourceTitle "playchess.com"]
[Source "ChessBase"]
[SourceQuality "1"]
[TimeControl "5400+30"]

1. e4 d6 2. d4 Nc6 3. d5 Nb8 4. c4 g6 5. Nc3 Bg7 6. Be3 c5 ({Black should try} 6... Bxc3+ $14 7. bxc3 Nf6) 7. Qd2 Na6 8. Bd3 {[%emt 0:01:39] White is better.} Bd7 9. Nge2 Nc7 10. O-O a6 11. a4 a5 12. f4 Na6 13. Rae1 Nb4 14. Bb1 Qc7 15. e5 O-O-O (15... dxe5 $16 16. h3 b6) 16. exd6 $18 exd6 {[%emt 0:00:50] [#]} 17. f5 $1 Re8 $2 (17... Rf8 18. Ng3 Be5) 18. fxg6 {[%emt 0:05:12] White is winning.} fxg6 19. Rf7 Re7 20. Ref1 {[%emt 0:00:27][%cal Of7g7] Black must now prevent Rxg7!} Be8 {[%emt 0:03:11][%mdl 32768] Weighted Error Value: White=0.05 (flawless) /Black=0.33.  Mistake:       	---       	Black=4      Inaccurate:     	---       	Black=1      OK:         	White=5     	Black=3      Best:        	White=1     	---        Strong:       	White=1     	---       . An unexpected result.} (20... Qd8 $142 21. Ne4 (21. Bg5 Rxf7 22. Bxd8 Rxf1+ 23. Kxf1 Kxd8 $18) 21... Be5) 1/2-1/2

[Event "21st Open Gran Hotel Bali-A 2024"]
[Site "Benidorm"]
[Date "2024.11.29"]
[Round "1.16"]
[White "Del Rio De Angelis, Salvador G."]
[Black "Lung, Liviu-Catalin"]
[Result "1-0"]
[ECO "E61"]
[WhiteElo "2400"]
[BlackElo "2028"]
[Annotator "TA"]
[PlyCount "45"]
[EventDate "2024.11.26"]
[EventType "swiss"]
[EventCountry "ESP"]
[SourceTitle "playchess.com"]
[Source "ChessBase"]
[SourceQuality "1"]
[TimeControl "5400+30"]

1. d4 Nf6 2. c4 g6 3. Nf3 Bg7 4. e3 O-O 5. Be2 d6 6. Nc3 Nbd7 7. O-O c6 8. e4 Qc7 9. Be3 a6 10. Rc1 Re8 11. h3 e5 12. d5 c5 13. Ne1 {[%emt 0:01:57] White is more active.} Rb8 14. a4 h6 15. Ra1 Nf8 16. a5 g5 17. Bg4 Ng6 18. g3 Nxe4 $2 19. Nxe4 $18 {[%emt 0:00:10][%cal Oh3h4] Strongly threatening h4!.} f5 20. Bh5 Kh7 21. Nc3 f4 $2 (21... Qe7 22. f3 f4) 22. Qc2 Qf7 {[%emt 0:02:32] [#]} 23. g4 $1 1-0

[Event "21st Open Gran Hotel Bali-A 2024"]
[Site "Benidorm"]
[Date "2024.11.29"]
[Round "1.17"]
[White "Bascunana Sanchez, Pablo"]
[Black "Stella, Andrea"]
[Result "0-1"]
[ECO "B51"]
[WhiteElo "2027"]
[BlackElo "2398"]
[Annotator "TA"]
[PlyCount "118"]
[EventDate "2024.11.26"]
[EventType "swiss"]
[EventCountry "ESP"]
[SourceTitle "playchess.com"]
[Source "ChessBase"]
[SourceQuality "1"]
[TimeControl "5400+30"]

1. e4 c5 2. Nf3 d6 3. Bb5+ Nd7 4. a4 Ngf6 5. Nc3 a6 6. Be2 g6 7. O-O Bg7 8. Re1 b6 9. d4 cxd4 10. Nxd4 Bb7 11. Bf1 O-O 12. f3 Qc7 13. Be3 e6 14. Qd2 d5 15. exd5 Bxd5 16. Nxd5 Nxd5 17. Bf2 Rfd8 18. c4 (18. c3 $11) 18... Nf4 $15 19. Qc2 Nc5 {[%emt 0:04:32] A dynamic duo of knights.} 20. Red1 e5 21. Nb3 Rxd1 22. Qxd1 a5 {[%emt 0:03:57] Black has more active pieces.} 23. Qc2 Bf8 24. Kh1 Rd8 25. Be3 (25. Bh4 $15) 25... Nfe6 $17 26. Re1 Nxb3 27. Qxb3 Bc5 28. h3 $2 {[%emt 0:04:07] [#]} (28. Rb1 $17) 28... e4 $1 29. Bxc5 Nxc5 30. Qe3 Qg3 (30... Nxa4 31. Qxe4 Nc5 (31... Nxb2 $2 32. Qc2 $16) 32. Qc2 $17) 31. fxe4 Qxe3 32. Rxe3 Nxa4 $19 {[%emt 0:00:11][%cal Od8d2][%mdl 4096] Endgame KRB-KRN} 33. b4 axb4 34. Rb3 Nc5 35. Rxb4 Rd1 (35... Nxe4 36. Rb1) 36. Kg1 Nxe4 37. Rxb6 $2 (37. c5 $17 {was the only chance.} Nxc5 38. Rxb6) 37... Kg7 38. c5 Nd2 (38... Nxc5 39. Rb4 $17) 39. Kf2 Nxf1 {[%emt 0:00:07] KRN-KR} (39... Rxf1+ 40. Ke2 $15) 40. c6 Rc1 $2 (40... Nd2 $19 {is more deadly.} 41. Ke2 Nc4) 41. Rb2 $17 h5 42. c7 h4 {[%emt 0:01:00][%cal Of1g3] and ...Ng3! should not be overlooked} 43. c8=Q Rxc8 44. Kxf1 {[%emt 0:00:08] KR-KR. Black is a pawn up.} g5 45. Rb3 Kg6 46. g3 $2 {[%emt 0:00:40][%mdl 8192] [#]} (46. Kf2 $17) 46... Rc1+ $1 $19 47. Kg2 Rc2+ 48. Kg1 hxg3 49. Rxg3 f5 {[%emt 0:00:15] ( -> ...Kh5)} 50. Ra3 {[%emt 0:00:56] [#]} (50. Rf3 $19 Rc5 51. Ra3) 50... Kh5 $1 51. Rb3 Kh4 52. Rb5 f4 (52... Kxh3 53. Rxf5 g4 54. Rf1 $11) 53. Rf5 Rc3 ({Not} 53... Kxh3 54. Rxg5 Rb2 55. Kf1 $11) 54. Rf8 Kxh3 55. Rg8 Kg4 56. Kg2 Rc2+ 57. Kg1 f3 58. Ra8 Kg3 59. Ra1 Rg2+ 0-1

[Event "21st Open Gran Hotel Bali-A 2024"]
[Site "Benidorm"]
[Date "2024.11.29"]
[Round "1.18"]
[White "Vega Gutierrez, Sabrina"]
[Black "Ainsa Jimenez, Lucas"]
[Result "1-0"]
[ECO "B12"]
[WhiteElo "2385"]
[BlackElo "2026"]
[Annotator "TA"]
[PlyCount "83"]
[EventDate "2024.11.26"]
[EventType "swiss"]
[EventCountry "ESP"]
[SourceTitle "playchess.com"]
[Source "ChessBase"]
[SourceQuality "1"]
[TimeControl "5400+30"]

1. e4 c6 2. d4 d5 3. e5 Bf5 4. Nf3 e6 5. c3 c5 6. Be2 Nc6 7. O-O cxd4 8. Nxd4 Nxd4 9. cxd4 {[%emt 0:00:11] [#] Threatens to win with Qa4+.} Ne7 {[%emt 0:00:47] White is slightly better.} 10. g4 Bg6 11. f4 {[%emt 0:00:22][%cal Of4f5] Strongly threatening f5!} Qd7 (11... f5 $11) 12. Nc3 $14 O-O-O (12... f5 $14) 13. Bd2 $2 (13. f5 $18 exf5 14. Nb5) 13... Kb8 $1 $11 14. Bb5 Nc6 15. Bxc6 bxc6 16. Na4 Bd3 (16... Ka8 $11 {remains equal.}) 17. Qb3+ $16 Bb5 {[%emt 0:00:58] Black is weak on the dark squares} 18. Nc3 $36 {[%emt 0:00:26][%mdl 2048] White has some pressure.} Qb7 {[%emt 0:00:18] White leaves nothing to chance now.} 19. Nxb5 cxb5 20. f5 Qb6 21. Qd3 {[%emt 0:02:45] White is more active.} a6 (21... Rd7 $16 {might work better.} 22. Rac1 Be7) 22. a4 $18 {[%emt 0:04:14][%cal Ba2a4,Ba4a5][%mdl 32] [#] And now axb5 would win.} b4 23. a5 Qa7 24. fxe6 fxe6 25. Rf3 {[%emt 0:03:22][%cal Bf1f3,Bf3f7,Bf7d7][%mdl 32] Black must now prevent Raf1.} Be7 26. Rf7 Rd7 27. Rc1 {[%emt 0:04:20][%cal Of7e7] aiming for Rxe7!} (27. Rxg7 $6 Rb7 28. h3 (28. Rxh7 $2 Rxh7 29. Kh1 Bd8 $19) 28... Bd8 29. Rxb7+ Qxb7 $16) 27... Rhd8 $2 (27... Qb7 28. Rxg7 Ka7) 28. Rc6 Bc5 29. Rxd7 Bxd4+ 30. Kg2 Qxd7 31. Rd6 (31. Rxa6 Qb7 32. Rxe6 Qd7 $18) 31... Qc7 32. Rxd8+ ({Weaker is} 32. Rxa6 Qc4 33. Qxc4 (33. Qxh7 {leads to mate.} Qxa6 34. Kh3 Qe2 35. a6 Bxe5 36. g5 Qxh2+ 37. Kg4 Qg3+ 38. Kh5 Qh3+ 39. Kg6 Qf5+ 40. Kh5 Qxh7+ 41. Kg4 Qf5+ 42. Kh5 Rh8#) 33... dxc4 34. Bxb4 (34. Rxe6 b3 $15) 34... Bxe5 $11) (32. Qxa6 Rxd6 33. exd6 Qc2 $11) (32. Rxe6 Qc8 $16) 32... Qxd8 33. Qxd4 Qxa5 34. Qxb4+ Qxb4 35. Bxb4 {[%emt 0:00:01][%mdl 4096] Endgame. KB-KP} Kb7 36. Bf8 g6 37. Kf3 Kc6 38. Kf4 Kb5 39. Kg5 {[%emt 0:04:23] White mates.} Kc4 40. Kf6 d4 41. Kxe6 g5 42. Bh6 {[%emt 0:07:10] Weighted Error Value: White=0.26 (precise) /Black=0.69.  Missed win:     	White=1     	---        Mistake:       	---       	Black=5      Inaccurate:     	---       	Black=1      OK:         	White=13    	Black=3      Best:        	---       	Black=3      Strong:       	---       	Black=1} 1-0

[Event "21st Open Gran Hotel Bali-A 2024"]
[Site "Benidorm"]
[Date "2024.11.29"]
[Round "1.19"]
[White "Bosch Jorda, Ricard"]
[Black "Trigo Urquijo, Sergio"]
[Result "0-1"]
[ECO "E43"]
[WhiteElo "2023"]
[BlackElo "2370"]
[Annotator "TA"]
[PlyCount "84"]
[EventDate "2024.11.26"]
[EventType "swiss"]
[EventCountry "ESP"]
[SourceTitle "playchess.com"]
[Source "ChessBase"]
[SourceQuality "1"]
[TimeControl "5400+30"]

1. d4 Nf6 2. c4 e6 3. Nc3 Bb4 4. e3 Bxc3+ 5. bxc3 b6 6. Bd3 Bb7 7. Nf3 d6 8. Qe2 Nc6 9. e4 e5 10. dxe5 (10. Be3 $14 {should be considered.}) 10... Nxe5 $11 11. Nxe5 dxe5 12. c5 Qd7 13. O-O O-O 14. Bg5 Qc6 15. Rfe1 Nd7 16. Bb5 {[%emt 0:05:12] A strong pair of Bishops.} Qe6 17. Rad1 (17. cxb6 $11 axb6 18. f3) 17... Nxc5 $15 18. f3 a6 19. Bc4 Qe8 20. Rd2 Bc6 $36 {[%emt 0:04:42][%mdl 2048] Black fights for an advantage.} 21. Qf2 Bb5 22. Bxb5 (22. Bd5 $15 c6 (22... Nd3 23. Qg3 $14) 23. Bb3) 22... axb5 $17 (22... Qxb5 23. c4 Qe8 (23... Qxc4 24. Be7 $15) 24. Be3 $15) 23. Red1 f6 24. Be3 Ne6 25. Qe2 (25. Rd7 $17) 25... Qc6 26. Rd7 (26. Rb1) 26... Qc4 (26... Qxc3 $19 27. h4 b4) 27. Qxc4 bxc4 28. Re7 Rfe8 29. Rdd7 {[%emt 0:00:01] [#]} Rac8 ({Better is} 29... b5 $1 {White must now prevent ...Rxe7.} 30. Rxe8+ Rxe8) 30. g3 (30. a4 $142) 30... Rxe7 31. Rxe7 {[%emt 0:00:01][%mdl 4096] Endgame KRB-KRN. Black is a pawn up.} Nd8 32. f4 (32. Re8+ $17 Kf7 33. Rh8) 32... Kf8 33. Rd7 Nf7 34. fxe5 (34. Kg2 {was necessary.}) 34... Nxe5 $19 35. Rd5 Ra8 36. Bf4 Rxa2 37. Bxe5 fxe5 38. Rxe5 {[%emt 0:00:48] KR-KR. Black is a pawn up.} Rc2 39. Rf5+ Ke7 40. Rf3 (40. Rh5 $142) 40... c5 41. h3 (41. Kf1 $142) 41... b5 42. Rf5 b4 0-1

[Event "21st Open Gran Hotel Bali-A 2024"]
[Site "Benidorm"]
[Date "2024.11.29"]
[Round "1.20"]
[White "Prado Lobo, Jonas"]
[Black "Sukhodolskyi, Oleksii"]
[Result "1-0"]
[ECO "A06"]
[WhiteElo "2360"]
[BlackElo "2023"]
[Annotator "TA"]
[PlyCount "125"]
[EventDate "2024.11.26"]
[EventType "swiss"]
[EventCountry "ESP"]
[SourceTitle "playchess.com"]
[Source "ChessBase"]
[SourceQuality "1"]
[TimeControl "5400+30"]

1. Nf3 d5 2. e3 Bf5 3. c4 e6 4. cxd5 exd5 5. Qb3 b6 6. Nd4 Qd7 7. Nc3 Nf6 8. Nxf5 Qxf5 9. Be2 c6 10. Qa4 (10. O-O $14) 10... Qe6 11. b3 Nbd7 12. O-O Nc5 13. Qd4 Bd6 14. Bb2 h5 15. f4 Qf5 16. Rac1 Rd8 17. Na4 O-O $1 18. Nxc5 Bxc5 19. Qe5 Qxe5 (19... Qh7 $11) 20. fxe5 $16 (20. Bxe5 $6 d4 $11) 20... Ne4 21. d4 $36 {[%emt 0:01:06][%mdl 2048] White is really pushing.} (21. Bxh5 Nxd2 22. Rfe1 Ne4 $14) 21... Bb4 22. Rxc6 Bd2 {[%emt 0:02:13] ...Rc8 is the strong threat.} 23. Bc1 (23. Bxh5 Bxe3+ 24. Kh1 Nf2+ 25. Rxf2 Bxf2 $11) 23... Rc8 24. Rxc8 $1 Rxc8 25. Bxd2 Nxd2 {[%emt 0:00:09][%mdl 4096] Endgame KRB-KRN. White is a pawn up.} 26. Rd1 Rc2 27. Bxh5 Rxa2 (27... b5 $142) 28. Rc1 $1 g6 29. Bf3 Nxf3+ 30. gxf3 {[%emt 0:00:01] KR-KR. White is a pawn up.} Rd2 (30... Re2 $16) 31. Rc8+ $18 Kg7 32. Rc7 Re2 33. e6 (33. e4 $16 dxe4 34. d5 (34. Rxa7 exf3 35. h3 g5 $11)) 33... Rxe3 34. Rxf7+ (34. Rxa7 Rxe6 (34... Rxf3 35. Rb7 $11) 35. Kf2 Rc6 $11) 34... Kg8 {[%emt 0:00:04] [#]} (34... Kh6 $16) 35. Rxa7 (35. Kf2 $1 $18 Rxe6 36. Rxa7) 35... Rxe6 ({Black should play} 35... Rxf3 $14 36. Rd7 Re3) 36. Kf2 Rc6 37. Rb7 {[%emt 0:00:01] White is more active.} Rc2+ 38. Kg3 Rc6 $2 (38... Rd2 {keeps fighting.} 39. Rxb6 Kf7) 39. Kg4 {[%emt 0:01:09] Threatens to win with Kg5.} Rd6 $2 (39... Rc3 40. Rxb6 Kf7) 40. h4 Kf8 41. Kg5 Re6 42. f4 Kg8 43. Rd7 Re3 44. Kxg6 {[%emt 0:01:10] Rd8+ would kill now.} Rg3+ 45. Kf6 Rxb3 46. Rxd5 b5 47. f5 b4 48. Rb5 Rb1 49. d5 b3 50. d6 (50. Rb8+ Kh7 51. Kf7 b2 $18) 50... b2 51. d7 Rd1 52. Rxb2 Rxd7 53. Rb8+ Kh7 54. Ke6 Ra7 55. Rd8 Ra6+ 56. Rd6 Ra4 57. Kf7 Rxh4 58. Rd1 Kh6 59. f6 Ra4 {[%emt 0:00:25] [#]} 60. Rh1+ $1 Kg5 61. Kg7 Rg4 62. f7 Kf5+ 63. Kh7 1-0